 Dungeon Crawl Stone Soup version 0.24-a0-524-gf43b32f898 (webtiles) character file.

Game seed: 11808700286770966952

181 Flugkiller the Sneak (level 5, 0/34 HPs)
             Began as an Octopode Wanderer on July 31, 2019.
             Slain by a wight
             ... wielding a +1 trident
              (1 damage)
             ... on level 3 of the Dungeon.
             The game lasted 00:03:30 (2387 turns).

Flugkiller the Sneak (Octopode Wanderer)            Turns: 2387, Time: 00:03:31

Health: 0/34       AC:  1    Str:  8    XL:     5   Next: 61%
Magic:  8/8        EV: 13    Int: 15    God:
Gold:   147        SH:  0    Dex: 15    Spells: 7/8 levels left

rFire    . . .     SeeInvis .   a - +0 quarterstaff
rCold    . . .     Gourm    .   (shield currently unavailable)
rNeg     . . .     Faith    +   (helmet restricted)
rPois    .         Spirit   .   j - amulet of faith
rElec    .         Reflect  .   l - ring of wizardry
rCorr    .         Harm     .   (no ring)
MR       .....                  (no ring)
Stlth    ++++......             (no ring)
HPRegen  0.11/turn              (no ring)
MPRegen  0.11/turn              (no ring)
                                (no ring)
                                (no ring)

@: drained
A: almost no armour, stealthy swim, amphibious, 8 rings, constrict 8, camouflage
1, gelatinous body 1
a: no special abilities


You were on level 3 of the Dungeon.
You were hungry.

You visited 1 branch of the dungeon, and saw 3 of its levels.

You collected 147 gold pieces.

Inventory:

Hand Weapons
 a - a +0 quarterstaff (weapon)
 k - a +0 rapier
   (You found it on level 2 of the Dungeon)
 n - a +1 dagger of venom
   (You took it off a goblin on level 2 of the Dungeon)
Missiles
 f - 2 boomerangs (quivered)
 i - 4 javelins
Jewellery
 j - an amulet of faith (around mantle)
   (You found it on level 2 of the Dungeon)
 l - a ring of wizardry (left tentacle)
   (You found it on level 2 of the Dungeon)
Scrolls
 h - 2 scrolls of teleportation {unknown}
 m - 2 scrolls of remove curse
 q - a scroll of immolation {unknown}
 r - a scroll of magic mapping {unknown}
 s - a scroll of fear {unknown}
Potions
 b - 4 potions of agility {unknown}
 c - a potion of lignification
 e - 2 potions of degeneration {unknown}
 g - a potion of flight {unknown}
 o - a potion of curing {unknown}
Comestibles
 d - 8 rations
 p - 7 chunks of flesh


   Skills:
 + Level 2.2(1.3) Fighting
 + Level 1.8(0.9) Short Blades
 - Level 3.0(2.1) Staves
 - Level 1.0(0.1) Throwing
 + Level 2.2(1.3) Dodging
 - Level 5.1(4.2) Stealth
   Level 1.0(0.1) Shields
 - Level 2.0(1.1) Spellcasting
   Level 1.2(0.3) Poison Magic


You had 7 spell levels left.
You knew the following spells:

 Your Spells              Type           Power        Failure   Level  Hunger
a - Magic Dart            Conj           #...         10%         1    ##.....

Your spell library contained the following spells:

 Spells                   Type           Power        Failure   Level  Hunger
 Blink                    Tloc           N/A          16%         2    ###....
 Call Imp                 Summ           #.......     16%         2    ###....
 Slow                     Hex            #.......     16%         2    ###....
 Mephitic Cloud           Conj/Pois/Air  #.......     26%         3    ####...
 Conjure Flame            Conj/Fire      #.......     28%         3    ####...


Dungeon Overview and Level Annotations

Branches:
Dungeon (3/15)

Altars:
Qazlal

Annotations:
D:2 exclusion: 2 adders
D:3 exclusion: adder, Sigmund


Innate Abilities, Weirdness & Mutations

You cannot wear most types of armour.
You are very stealthy in the water. (Stealth+)
You are amphibious.
You can wear up to eight rings at the same time.
You can use your tentacles to constrict eight enemies at once.
Your skin changes colour to match your surroundings (Stealth+).
Your rubbery body absorbs attacks. (AC +1, EV +1)


Message History

A wight comes into view. It is wielding a +4 dagger.
Found a scroll labeled TICOETUIB.
A wight is nearby!
You sock the wight! Your grab misses the wight.
The wight is heavily damaged.
The wight hits you with a +4 dagger.
You feel drained.
You hit the wight but do no damage. You grab the wight.
The wight is heavily damaged.
You constrict the wight. The wight barely misses you.
You sock the wight!
You destroy the wight!
Your Fighting skill increases to level 2!
Your Dodging skill increases to level 2!
A wight comes into view. It is wielding a +1 trident.
You are feeling hungry.
The wight misses you.
Found 8 arrows.
Things that are here:
a +4 dagger; a +0 robe The wight closely misses you.
The wight misses you.
You closely miss the wight. You grab the wight. Your squeeze misses the wight.
You constrict the wight, but do no damage.
The wight hits you with a +1 trident.
You feel drained.
You hit the wight but do no damage. You constrict the wight.
The wight hits you with a +1 trident.
You feel drained.
You hit the wight but do no damage.
The wight is lightly damaged.
You constrict the wight, but do no damage.
The wight hits you with a +1 trident.
You hit the wight but do no damage.
The wight is lightly damaged.
You constrict the wight. The wight hits you with a +1 trident.
* * * LOW HITPOINT WARNING * * *
The wight hits you with a +1 trident!
* * * LOW HITPOINT WARNING * * *
You hit the wight. Your squeeze misses the wight.
The wight is heavily damaged.
You constrict the wight. The wight barely misses you.
Unknown command.
You hit the wight but do no damage.
The wight is heavily damaged.
You constrict the wight. The wight closely misses you.
Unknown command.
You hit the wight but do no damage.
The wight is severely damaged.
You constrict the wight. The wight hits you with a +1 trident!
* * * LOW HITPOINT WARNING * * *
You feel drained.
You die...

##### ##...# ...#.#
##...###############
##.##..........@z.#
###.##.###########.#
.##.##.# #.# .##.##.#
#.# .#..##.# ### #.#
.#.###รท#... #.# .#.#
#.#.### #.# .#.#
#)....# #.#
.#.###.....#.#####.####


You could see a wight.

Vanquished Creatures
  A bullfrog (D:3)
  A wight (D:3)
  A bullfrog skeleton (D:2)
  A worm (D:2)
  4 dart slugs (D:2)
  2 leopard geckos (D:1)
  An orc (D:3)
  2 giant cockroaches
  2 goblins
  8 hobgoblins
  5 kobolds
  A quokka (D:2)
  4 bats
  2 frilled lizards
  7 rats
42 creatures vanquished.

Notes
Turn   | Place    | Note
-------+----------+-------------------------------------------
     0 | D:1      | Flugkiller the Octopode Wanderer began the quest for the
                  | Orb.
     0 | D:1      | Flugkiller set off with the following items: a +0
                  | quarterstaff, a potion of lignification, a ration; and the
                  | following spell memorised: Magic Dart; and the following
                  | spells available to memorise: Blink, Call Imp, Slow,
                  | Mephitic Cloud, Conjure Flame
     0 | D:1      | Reached XP level 1. HP: 13/13 MP: 3/3
    46 | D:1      | Reached skill level 1 in Stealth
    85 | D:1      | Reached skill level 2 in Stealth
    85 | D:1      | Reached XP level 2. HP: 18/18 MP: 5/5
   241 | D:1      | Reached skill level 3 in Stealth
   678 | D:2      | Reached XP level 3. HP: 23/23 MP: 6/6
   703 | D:2      | Reached skill level 4 in Stealth
  1118 | D:2      | Found a stormy altar of Qazlal.
  1144 | D:2      | Reached skill level 5 in Stealth
  1204 | D:2      | Reached XP level 4. HP: 20/28 MP: 7/7
  1900 | D:3      | Noticed Sigmund
  2053 | D:3      | Noticed a bullfrog
  2260 | D:3      | Killed a bullfrog
  2260 | D:3      | Reached skill level 1 in Short Blades
  2260 | D:3      | Reached XP level 5. HP: 25/34 MP: 8/8
  2387 | D:3      | HP: 1/34 [wight/+1 trident (9)]
  2387 | D:3      | Slain by a wight

Levels and vault maps discovered:
D:1:      minmay_arrival_stair_chambers, layout_rooms
D:2:      layout_rooms, grunt_qazlal_clouds
D:3:      layout_loops_ring, nicolae_gozag_seed_capital, uniq_sigmund

Skill      XL: |  1  2  3  4  5 |
---------------+----------------+-----
Stealth        | 2 3 5 |  5.1
Short Blades   | 1 |  1.8
Fighting       | 2 |  2.2
Dodging        | 2 |  2.2
Staves         | |  3.0
Throwing       | |  1.0
Shields        | |  1.0
Spellcasting   | |  2.0
Poison Magic   | |  1.2

Action                   |  1- 3 |  4- 6 || total
-------------------------+-------+-------++-------
Melee: Quarterstaff      |    53 |    37 ||    90
       Constrict         |    15 |    10 ||    25
       Tentacles         |     8 |     6 ||    14
  Use: Scroll            |       |     1 ||     1
 Stab: Sleeping          |    11 |     7 ||    18
  Eat: Chunk             |     1 |     3 ||     4
Armor: Skin              |     1 |       ||     1
Dodge: Dodged            |    20 |    19 ||    39

Table legend:
 A = Non-vault XP
 B = Vault XP
 C = Vault XP percentage of total XP
 D = Non-vault monster count
 E = Vault monster count
 F = Vault count percentage of total count
                 A         B        C        D         E       F
            +---------+---------+-------+---------+---------+-------
      Total |     259 |       0 |   0.0 |      42 |       0 |   0.0
            +---------+---------+-------+---------+---------+-------
        D:1 |      33 |       0 |   0.0 |      19 |       0 |   0.0
        D:2 |      69 |       0 |   0.0 |      14 |       0 |   0.0
        D:3 |     157 |       0 |   0.0 |       9 |       0 |   0.0
            +---------+---------+-------+---------+---------+-------
